 Dungeon Crawl Stone Soup version 0.28.0 (webtiles) character file.

Game seed: 6567929774797484483

488 hehateme the Fighter (level 7, 0/120 HPs)
             Began as an Ogre Monk on Feb 8, 2022.
             Slain by Pikel (11 damage)
             ... on level 4 of the Dungeon.
             The game lasted 00:15:02 (6536 turns).

hehateme the Fighter (Ogre Monk)                    Turns: 6536, Time: 00:15:03

Health: 0/120      AC: 23    Str: 20    XL:     7   Next: 13%
Magic:  7/7        EV:  1    Int: 11    God:
Gold:   181        SH:  0    Dex: 11    Spells: 6/6 levels left

rFire   . . .      SeeInvis .   p - +5 short sword of Dullness {elec, Str+2}
rCold   . . .      Faith    .   (no shield)
rNeg    . . .      Spirit   .   (armour currently unavailable)
rPois   +          Reflect  .   (helmet currently unavailable)
rElec   .          Harm     .   (cloak currently unavailable)
rCorr   .          Rampage  .   (gloves unavailable)
Will    .....      NoTele   +   (boots unavailable)
Stlth   ++........              (no amulet)
HPRegen 0.30/turn               (no ring)
MPRegen 0.10/turn               (no ring)

@: tree-form
A: stationary, stasis, torment immunity, boosted hp, large, unfitting armour,
(tough skin 1)
a: no special abilities


You were on level 4 of the Dungeon.
You were a tree.
You visited 1 branch of the dungeon, and saw 4 of its levels.

You collected 181 gold pieces.

Inventory:

Hand Weapons
 a - a +0 hand axe
 l - a +4 dagger
 p - the +5 short sword of Dullness (weapon) {elec, Str+2}
   (You found it on level 2 of the Dungeon)

   It occasionally discharges a powerful burst of electricity upon striking a
   foe.
   Str:       It affects your strength (+2).
 w - the +8 trident of the Octopus King {venom, rElec rPois}
   (You found it on level 3 of the Dungeon)

   It poisons the flesh of those it strikes.
   rElec:     It insulates you from electricity.
   rPois:     It protects you from poison.
Missiles
 g - 30 bolts
 h - 54 arrows
 k - 18 sling bullets
 v - a throwing net {=f}
 Q - 99 stones (quivered)
Armour
 b - a +1 robe (melded)
 x - a +0 tower shield
Jewellery
 s - a ring of fire {rF+, rC-}
 N - a ring of positive energy {rN+}
Wands
 f - a wand of flame (15)
Scrolls
 i - a scroll of identify
 m - a scroll of fog {unknown}
 n - 2 scrolls of enchant weapon {unknown}
 o - a scroll of vulnerability {!r!r}
 r - a scroll of blinking {unknown}
 t - 2 scrolls of teleportation
 u - a scroll of silence {unknown}
Potions
 c - a potion of berserk rage {unknown}
 e - a potion of resistance {unknown}
 j - a potion of mutation {!q}


   Skills:
 + Level 8.1 Fighting
 - Level 3.0 Short Blades
 - Level 4.3 Axes
 - Level 2.6 Dodging
 - Level 1.4 Stealth


You had 6 spell levels left.
You didn't know any spells.
Your spell library contained the following spells:

 Spells                   Type           Power      Damage    Failure   Level
 Beastly Appendage        Tmut           0%         N/A       34%         1
 Wereblood                Tmut           0%         N/A       47%         2
 Gell's Gravitas          Tloc           0%         N/A       71%         3
 Lesser Beckoning         Tloc           0%         N/A       71%         3
 Spider Form              Tmut/Pois      0%         N/A       71%         3
 Teleport Other           Tloc           0%         N/A       71%         3


Dungeon Overview and Level Annotations

Branches:
Dungeon (4/15)
 Temple: D:4-7

Altars:
Cheibriados
Fedhas
Trog
Xom

Shops:
D:2 (

Annotations:
D:3 exclusions: adder and downstairs, Grinder
D:4 Pikel


Innate Abilities, Weirdness & Mutations

You are a tree.
Your roots penetrate the ground, keeping you stationary.
You cannot be teleported.
You are immune to unholy pain and torment.
Your maximum health is greatly increased.
Your equipment is partially melded.
You are too large for most types of armour.
((You have tough skin. (AC +1)))


Message History

Unknown command.
You hit Pikel. You barely miss Pikel. Pikel hits you but does no damage.
You are electrocuted!
* * * LOW HITPOINT WARNING * * *
You take 12 damage, and have 48/120 hp.
You closely miss Pikel.
Pikel hits you with a +1 whip of electrocution!
* * * LOW HITPOINT WARNING * * *
You take 7 damage, and have 41/120 hp.
You hit Pikel. Pikel hits you but does no damage.
Unknown command.
You hit Pikel. Pikel hits you but does no damage.
You hit Pikel but do no damage. Pikel hits you but does no damage.
You hit Pikel. Pikel hits you but does no damage.
You closely miss Pikel.
Pikel says, "You'll make a fine lemure."
Pikel hits you with a +1 whip of electrocution.
* * * LOW HITPOINT WARNING * * *
You are electrocuted!
* * * LOW HITPOINT WARNING * * *
You take 16 damage, and have 26/120 hp.
You barely miss Pikel. Pikel hits you but does no damage.
You hit Pikel. Pikel hits you but does no damage.
You closely miss Pikel.
Pikel hits you with a +1 whip of electrocution.
* * * LOW HITPOINT WARNING * * *
You are electrocuted!!
* * * LOW HITPOINT WARNING * * *
You take 25 damage, and have 2/120 hp.
GAME OVER YEAH!!
You feel better. Pikel hits you but does no damage.
You regained 8 hp, and now have 10/120 hp.
You feel better.
Pikel hits you with a +1 whip of electrocution.
* * * LOW HITPOINT WARNING * * *
Unknown command.
You miss Pikel. Pikel hits you but does no damage.
You are electrocuted!
You die...

#########################
#........................
#.####################### #.#
##### #.#
....#####.############### ######
.......................># #.....
........##.#################.....
........+.......♣K..).>..........
........##.############..........
........##.#..#.......#.......###
###.....##.#..#.##..#.#.......#
####.#####.#..#..#..#.###.....#
.# #.# #.#.....#..#.# #.....# .#
#.# #.#.##..#..#.# #.....# .###.#
#.#.....#..#.# #.....### ...#.#
#.#####.####.# #........

Skill      XL: |  1  2  3  4  5  6  7 |
---------------+----------------------+-----
Axes           | 4 |  4.3
Fighting       | 5 7 8 |  8.1
Short Blades   | 1 3 |  3.0
Dodging        | |  2.6
Stealth        | |  1.4

Notes
Turn   | Place    | Note
-------+----------+-------------------------------------------
     0 | D:1      | hehateme the Ogre Monk began the quest for the Orb.
     0 | D:1      | Reached XP level 1. HP: 24/24 MP: 1/1
   277 | D:1      | Reached XP level 2. HP: 13/32 MP: 2/2
   290 | D:1      | HP: 8/32 [jackal (2)]
   293 | D:1      | HP: 3/32 [jackal (3)]
   298 | D:1      | HP: 1/32 [jackal (3)]
   970 | D:1      | Reached XP level 3. HP: 38/40 MP: 3/3
  1153 | D:1      | Found a faded altar of an unknown god.
  1728 | D:2      | Reached skill level 4 in Axes
  1829 | D:2      | You fall into a shaft and drop 2 floors!
  1850 | D:4      | Noticed an ogre
  2592 | D:3      | Reached XP level 4. HP: 25/49 MP: 4/4
  2987 | D:3      | Noticed Grinder
  3177 | D:3      | Found a blossoming altar of Fedhas.
  3187 | D:2      | Found Damengot's Weapon Boutique.
  3192 | D:2      | Identified the +5 short sword of Dullness {elec, Str+2}
  3263 | D:2      | Reached skill level 5 in Fighting
  3704 | D:3      | Found a bloodstained altar of Trog.
  3705 | D:3      | Found a snail-covered altar of Cheibriados.
  3717 | D:3      | Found a shimmering altar of Xom.
  3728 | D:3      | Reached skill level 1 in Short Blades
  4073 | D:3      | Found the +8 trident of the Octopus King {venom, rElec
                  | rPois}
  4540 | D:4      | Noticed Menkaure
  4953 | D:4      | Reached XP level 5. HP: 57/57 MP: 5/5
  5133 | D:4      | Noticed a lemure
  5135 | D:4      | Noticed a lemure
  5171 | D:3      | Identified the +3 scale mail of Sif Muna's Favour {Str+4}
  5252 | D:4      | Killed Menkaure
  5253 | D:4      | Reached skill level 3 in Short Blades
  5253 | D:4      | Reached XP level 6. HP: 57/67 MP: 6/6
  5336 | D:4      | Reached skill level 6 in Fighting
  5503 | D:4      | Noticed a black bear
  5524 | D:4      | Killed a black bear
  5959 | D:4      | Reached skill level 7 in Fighting
  5997 | D:4      | Reached XP level 7. HP: 73/79 MP: 7/7
  6001 | D:4      | Reached skill level 8 in Fighting
  6436 | D:4      | Noticed Pikel
  6530 | D:4      | HP: 26/120 [Pikel (14)]
  6533 | D:4      | HP: 2/120 [Pikel (20)]
  6536 | D:4      | Slain by Pikel

Table legend: (Time is in decaauts)
 A = Elapsed time spent in this place.
 B = Non-inter-level travel time spent in this place.
 C = Inter-level travel time spent in this place.
 D = Time resting spent in this place.
 E = Time spent auto-exploring this place.
 F = Levels seen in this place.
 G = Mean time per level.
                   A        B        C        D        E       F      G
               +--------+--------+--------+--------+--------+-----+--------+
         Total |   6532 |   6382 |    150 |   2830 |   2541 |   4 | 1633.0 |
       Dungeon |   6532 |   6382 |    150 |   2830 |   2541 |   4 | 1633.0 |
               +--------+--------+--------+--------+--------+-----+--------+

Top non-repeatable levels by time:
     D:3: 2492 daAuts
     D:4: 1666 daAuts
     D:1: 1493 daAuts
     D:2: 880 daAuts

Table legend:
 A = Kills in this place as a percentage of kills in entire the game.
 B = Kills by you in this place as a percentage of kills by you in the entire game.
 C = Kills by friends in this place as a percentage of kills by friends in the entire game.
 D = Other kills in this place as a percentage of other kills in the entire game.
 E = Experience gained in this place as a percentage of experience gained in the entire game.
 F = Experience gained in this place divided by the number of levels of this place that you have seen.
                   A       B       C       D       E      F
               +-------+-------+-------+-------+-------+----------------------
         Total | 100.0 | 100.0 |   N/A |   N/A | 100.0 | 174.5
       Dungeon | 100.0 | 100.0 |   N/A |   N/A | 100.0 | 174.5
               +-------+-------+-------+-------+-------+----------------------

Action                   |  1- 3 |  4- 6 |  7- 9 || total
-------------------------+-------+-------+-------++-------
Melee: Hand axe          |   142 |    22 |       ||   164
       Punch             |     3 |     1 |       ||     4
       Short sword       |       |    88 |    44 ||   132
Throw: Stone             |     6 |     9 |       ||    15
  Use: Scroll            |       |     6 |       ||     6
       Potion            |       |     3 |     3 ||     6
 Stab: Distracted        |     1 |     2 |       ||     3
       Sleeping          |       |     2 |       ||     2
Armor: Robe              |    58 |    30 |     5 ||    93
       Skin              |       |       |    10 ||    10
Dodge: Dodged            |    69 |    54 |    13 ||   136

Vanquished Creatures
  Menkaure (D:4)
  A black bear (D:4)
  An ogre (D:4)
  4 lemures (D:4)
  An orc priest (D:4)
  An orc wizard (D:4)
  A hound skeleton (D:4)
  4 adders
  An ufetubus (D:4)
  2 adder skeletons (D:4)
  A worm (D:3)
  3 dart slugs
  7 orcs
  5 ball pythons
  5 endoplasms
  3 giant cockroaches
  5 goblins
  6 hobgoblins
  4 jackals (D:1)
  2 quokkas
  5 bats
  5 frilled lizards
  8 kobolds
  5 rats
81 creatures vanquished.

Vanquished Creatures (others)
  4 plants
4 creatures vanquished.

Grand Total: 85 creatures vanquished You could see Pikel.

Levels and vault maps discovered:
D:1:      grunt_arrival_crossed_arrows, layout_basic,
          shapermc_ecumenical_altar_hornbeckon, hangedman_glass_teeth,
          hangedman_decor_slide_cut
D:2:      layout_rooms, serial_shops, nicolae_shop_bloodbath_and_beyond,
          serial_forest, infiniplex_forest_lined_corner,
          infiniplex_forest_fountain, infiniplex_forest_zigzag_2,
          infiniplex_forest_clump_large, infiniplex_forest_straight_3,
          minmay_tromino_v7
D:3:      layout_loops_ring, chequers_temple_overflow_statue_of_worship,
          uniq_grinder
D:4:      layout_basic, uniq_pikel, uniq_menkaure
